| TOP OF THE 1ST |
|
Cleveland Guardians batting - Pitching for Minnesota Twins : RHP Ted Mosley
|
|
Pitching: RHP Ted Mosley
|
|
|
Batting: LHB Hector Pedroso
|
0-0: Ball 1-0: Foul Ball, location: 2F 1-1: Swinging Strike 1-2: Ball 2-2: Strikes out swinging
|
|
Batting: RHB Jasper Burd
|
0-0: Fly out, F4 (Popup, 4M, EV 58.8 MPH)
|
|
Batting: RHB Mike Salmon
|
0-0: Ball 1-0: Swinging Strike 1-1: Foul Ball, location: 2F 1-2: Foul Ball, location: 2F 1-2: Ball 2-2: Strikes out swinging
|
| Top of the 1st over - 0 runs, 0 hits, 0 errors, 0 left on base; Cleveland 0 - Minnesota 0 |
| BOTTOM OF THE 1ST |
|
Minnesota Twins batting - Pitching for Cleveland Guardians : RHP Ben Cole
|
|
Pitching: RHP Ben Cole
|
|
|
Batting: RHB Greg Harman
|
0-0: Ball 1-0: Swinging Strike 1-1: Foul Ball, location: 2F 1-2: Ball 2-2: Ground out 6-3 (Groundball, 6M, EV 86.9 MPH)
|
|
Batting: LHB Peer Derks
|
0-0: Called Strike 0-1: Ball 1-1: Foul Ball, location: 2F 1-2: Ball 2-2: Foul Ball, location: 2F 2-2: Ball 3-2: Foul Ball, location: 2F 3-2: Base on Balls
|
|
Batting: LHB Ryan Flynn Jr.
|
0-0: Called Strike 0-1: Called Strike 0-2: Foul Ball, location: 2F 0-2: Ball 1-2: Strikes out swinging
|
|
Batting: RHB Miguel Gonzalez
|
0-0: Ball 1-0: Ball Peer Derks is caught stealing 2nd base 2-4
|
| Bottom of the 1st over - 0 runs, 0 hits, 0 errors, 0 left on base; Cleveland 0 - Minnesota 0 |
| TOP OF THE 2ND |
|
Cleveland Guardians batting - Pitching for Minnesota Twins : RHP Ted Mosley
|
|
Batting: RHB Nick Ogle
|
0-0: Ball 1-0: Called Strike 1-1: Foul Ball, location: 2F 1-2: Ball 2-2: Ball 3-2: SINGLE (Line Drive, 56D, EV 98.8 MPH)
|
|
Batting: SHB Valentin Laporte
|
0-0: Ball 1-0: Ball 2-0: Foul Ball, location: 2F 2-1: Ball 3-1: Fly out, F9 (Flyball, 89S, EV 89.4 MPH)
|
|
Batting: RHB Chad Thompson
|
0-0: Ball 1-0: Swinging Strike 1-1: Grounds into double play, 5-4-3 (Groundball, 56, EV 108.8 MPH)
|
| Top of the 2nd over - 0 runs, 1 hit, 0 errors, 0 left on base; Cleveland 0 - Minnesota 0 |
| BOTTOM OF THE 2ND |
|
Minnesota Twins batting - Pitching for Cleveland Guardians : RHP Ben Cole
|
|
Batting: RHB Miguel Gonzalez
|
0-0: Called Strike 0-1: Ball 1-1: Ball 2-1: Fly out, F9 (Flyball, 9LMF, EV 108.1 MPH)
|
|
Batting: RHB Will Leslie
|
0-0: Foul Ball, location: 2F 0-1: Fly out, F8 (Line Drive, 8LD, EV 94.4 MPH)
|
|
Batting: RHB Miguel Diaz
|
0-0: Ball 1-0: Foul Ball, location: 2F 1-1: Foul Ball, location: 2F 1-2: Ball 2-2: Foul Ball, location: 2F 2-2: SOLO HOME RUN (Line Drive, 89XD, EV 108.8 MPH), Distance : 435 ft
|
|
Batting: RHB Alex Rodriguez Jr.
|
0-0: Called Strike 0-1: Ball 1-1: Ball 2-1: Called Strike 2-2: Ball 3-2: Foul Ball, location: 2F 3-2: Base on Balls
|
|
Batting: LHB Chaim Huting
|
0-0: Ball 1-0: Ball 2-0: Ground out 4-3 (Groundball, 4, EV 90.0 MPH)
|
| Bottom of the 2nd over - 1 run, 1 hit, 0 errors, 1 left on base; Cleveland 0 - Minnesota 1 |
| TOP OF THE 3RD |
|
Cleveland Guardians batting - Pitching for Minnesota Twins : RHP Ted Mosley
|
|
Batting: SHB Scott Scott
|
0-0: Called Strike 0-1: Foul Ball, location: 2F 0-2: Ball 1-2: Foul Ball, location: 2F 1-2: Ball 2-2: Foul Ball, location: 2F 2-2: Ground out 4-3 (Groundball, 4, EV 101.9 MPH)
|
|
Batting: RHB Rick O'Reilly
|
0-0: Ball 1-0: Called Strike 1-1: Foul Ball, location: 2F 1-2: Ball 2-2: SINGLE (Groundball, 34D, EV 108.8 MPH) (infield hit)
|
|
Batting: RHB Terry Baginski
|
0-0: Ball 1-0: Called Strike 1-1: SINGLE (Line Drive, 3D, EV 103.1 MPH) Rick O'Reilly to second
|
|
Batting: LHB Hector Pedroso
|
0-0: Ball 1-0: Swinging Strike 1-1: Fly out, F7 (Flyball, 7D, EV 95.6 MPH)
|
|
Batting: RHB Jasper Burd
|
0-0: Ball 1-0: Called Strike 1-1: Ball 2-1: Swinging Strike 2-2: Ball 3-2: Strikes out looking
|
| Top of the 3rd over - 0 runs, 2 hits, 0 errors, 2 left on base; Cleveland 0 - Minnesota 1 |
| BOTTOM OF THE 3RD |
|
Minnesota Twins batting - Pitching for Cleveland Guardians : RHP Ben Cole
|
|
Batting: RHB John Creel
|
0-0: Called Strike 0-1: Ball 1-1: Called Strike 1-2: Foul Ball, location: 2F 1-2: Ball 2-2: Foul Ball, location: 2F 2-2: Foul Ball, location: 2F 2-2: Foul Ball, location: 2F 2-2: Ball 3-2: Fly out, F7 (Flyball, 7LM, EV 78.1 MPH)
|
|
Batting: RHB Greg Harman
|
0-0: Ball 1-0: Ball 2-0: Ball 3-0: Base on Balls
|
|
Batting: LHB Peer Derks
|
0-0: Called Strike Greg Harman steals 2nd base 0-1: Ball 1-1: Ball 2-1: Foul Ball, location: 2F 2-2: Ball 3-2: Strikes out swinging, 2-3 out at first.
|
|
Pitching: LHP Mitch Lewis
|
|
|
Batting: LHB Ryan Flynn Jr.
|
0-0: Ball 1-0: Foul Ball, location: 2F 1-1: Ground out U3 (Groundball, 3, EV 82.5 MPH)
|
| Bottom of the 3rd over - 0 runs, 0 hits, 0 errors, 1 left on base; Cleveland 0 - Minnesota 1 |
| TOP OF THE 4TH |
|
Cleveland Guardians batting - Pitching for Minnesota Twins : RHP Ted Mosley
|
|
Batting: RHB Mike Salmon
|
0-0: SOLO HOME RUN (Flyball, 89XD, EV 115.0 MPH), Distance : 425 ft
|
|
Batting: RHB Nick Ogle
|
0-0: Foul Ball, location: 2F 0-1: Swinging Strike 0-2: Ball 1-2: Strikes out swinging, 2-3 out at first.
|
|
Batting: SHB Valentin Laporte
|
0-0: Called Strike 0-1: Ball 1-1: Ground out 6-3 (Groundball, 6, EV 83.8 MPH)
|
|
Batting: RHB Chad Thompson
|
0-0: Swinging Strike 0-1: Ball 1-1: Called Strike 1-2: Foul Ball, location: 2F 1-2: Ball 2-2: Foul Ball, location: 2F 2-2: Ball 3-2: Base on Balls
|
|
Batting: SHB Scott Scott
|
0-0: Ball Chad Thompson is caught stealing 2nd base 2-6
|
| Top of the 4th over - 1 run, 1 hit, 0 errors, 0 left on base; Cleveland 1 - Minnesota 1 |
| BOTTOM OF THE 4TH |
|
Minnesota Twins batting - Pitching for Cleveland Guardians : LHP Mitch Lewis
|
|
Pitching: RHP Matt Zambon
|
|
|
Batting: RHB Miguel Gonzalez
|
0-0: Ball 1-0: Ground out 6-3 (Groundball, 4M, EV 99.4 MPH)
|
|
Batting: RHB Will Leslie
|
0-0: Called Strike 0-1: Fly out, F9 (Line Drive, 89M, EV 95.0 MPH)
|
|
Batting: RHB Miguel Diaz
|
0-0: Ball 1-0: Ball 2-0: Called Strike 2-1: Foul Ball, location: 2F 2-2: Strikes out swinging
|
| Bottom of the 4th over - 0 runs, 0 hits, 0 errors, 0 left on base; Cleveland 1 - Minnesota 1 |
| TOP OF THE 5TH |
|
Cleveland Guardians batting - Pitching for Minnesota Twins : RHP Ted Mosley
|
|
Now at 1B: Peer Derks
|
|
|
Now at 3B: Alex Sandoval
|
|
|
Now in RF: Per Meulengracht
|
|
|
Batting: SHB Scott Scott
|
0-0: Called Strike 0-1: Ball 1-1: Foul Ball, location: 2F 1-2: Ball 2-2: SINGLE (Groundball, 4MD, EV 98.1 MPH)
|
|
Batting: RHB Rick O'Reilly
|
0-0: Called Strike 0-1: Ball 1-1: Ball Scott Scott is caught stealing 2nd base 2-4 2-1: Foul Ball, location: 2F 2-2: Fly out, F9 (Flyball, 89S, EV 88.1 MPH)
|
|
Batting: RHB Terry Baginski
|
0-0: Ball 1-0: Ground out U3 (Groundball, 34, EV 86.2 MPH)
|
| Top of the 5th over - 0 runs, 1 hit, 0 errors, 0 left on base; Cleveland 1 - Minnesota 1 |
| BOTTOM OF THE 5TH |
|
Minnesota Twins batting - Pitching for Cleveland Guardians : RHP Matt Zambon
|
|
Now at C: Joeri Plas
|
|
|
Now in RF: Tyler Babbitt
|
|
|
Batting: RHB Alex Rodriguez Jr.
|
0-0: Ball 1-0: Ground out 6-3 (Groundball, 6, EV 110.0 MPH)
|
|
Batting: LHB Chaim Huting
|
0-0: Called Strike 0-1: Foul Ball, location: 2F 0-2: Strikes out looking
|
|
Batting: RHB John Creel
|
0-0: Ball 1-0: Ball 2-0: Ball 3-0: Base on Balls
|
|
Batting: LHB Per Meulengracht
|
0-0: Ball 1-0: Ball 2-0: Swinging Strike 2-1: Ball 3-1: Base on Balls John Creel to second
|
|
Pinch Hitting: LHB Ricardo Batista
|
0-0: Called Strike 0-1: Ball 1-1: Foul Ball, location: 2F 1-2: Strikes out looking
|
| Bottom of the 5th over - 0 runs, 0 hits, 0 errors, 2 left on base; Cleveland 1 - Minnesota 1 |
| TOP OF THE 6TH |
|
Cleveland Guardians batting - Pitching for Minnesota Twins : RHP Ted Mosley
|
|
Pitching: LHP Jim Storer
|
|
|
Now at 1B: Ricardo Batista
|
|
|
Pinch Hitting: LHB Corey Trevor
|
0-0: Called Strike 0-1: Foul Ball, location: 2F 0-2: Ball 1-2: DOUBLE (Line Drive, 8LXD, EV 108.8 MPH)
|
|
Pinch Hitting: RHB Aaron Matthews
|
0-0: Ball 1-0: Foul Ball, location: 2F 1-1: Foul Ball, location: 2F 1-2: Foul Ball, location: 2F 1-2: Ball 2-2: Strikes out swinging
|
|
Batting: RHB David Casas
|
0-0: Ball 1-0: Foul Ball, location: 2F 1-1: Ball 2-1: Ball Corey Trevor steals 3rd base 3-1: Swinging Strike 3-2: Strikes out swinging
|
|
Pinch Hitting: RHB Ricky Deen
|
0-0: Ball 1-0: DOUBLE (Flyball, 78XD, EV 109.4 MPH) Corey Trevor scores
|
|
Pinch Hitting: LHB Brent Albertson
|
0-0: Ball 1-0: Ball 2-0: Foul Ball, location: 2F 2-1: Ball 3-1: Ground out U3 (Groundball, 34, EV 93.1 MPH)
|
| Top of the 6th over - 1 run, 2 hits, 0 errors, 1 left on base; Cleveland 2 - Minnesota 1 |
| BOTTOM OF THE 6TH |
|
Minnesota Twins batting - Pitching for Cleveland Guardians : RHP Matt Zambon
|
|
Pitching: RHP En-guo Tsu
|
|
|
Now at 1B: Brent Albertson
|
|
|
Now at 2B: Scott Scott
|
|
|
Now at SS: Aaron Matthews
|
|
|
Now in LF: John Harring
|
|
|
Now in RF: Corey Trevor
|
|
|
Batting: LHB Ryan Flynn Jr.
|
0-0: Foul Ball, location: 2F 0-1: Foul Ball, location: 2F 0-2: Ball 1-2: Ball 2-2: Foul Ball, location: 2F 2-2: Ball 3-2: Foul Ball, location: 2F 3-2: Base on Balls
|
|
Batting: RHB Miguel Gonzalez
|
0-0: Foul Ball, location: 2F 0-1: Ground out 6-3 (Groundball, 6MD, EV 106.2 MPH) Ryan Flynn Jr. to second
|
|
Batting: RHB Alex Sandoval
|
0-0: SINGLE (Groundball, 34S, EV 59.4 MPH) (infield hit) Ryan Flynn Jr. to third
|
|
Batting: LHB Harris Vink
|
0-0: Ball 1-0: Foul Ball, location: 2F 1-1: Ball 2-1: Fly out, F7 (Flyball, 7LD, EV 101.9 MPH) Runner from 3rd tags up, SCORES, no throw by LF
|
|
Batting: RHB Alex Rodriguez Jr.
|
0-0: Ball 1-0: Hit by Pitch Alex Sandoval to second
|
|
Batting: LHB Chaim Huting
|
0-0: Fly out, F8 (Flyball, 8LS, EV 81.2 MPH)
|
| Bottom of the 6th over - 1 run, 1 hit, 0 errors, 2 left on base; Cleveland 2 - Minnesota 2 |
| TOP OF THE 7TH |
|
Cleveland Guardians batting - Pitching for Minnesota Twins : LHP Jim Storer
|
|
Pinch Hitting: RHB George Wagner
|
0-0: Ball 1-0: Ball 2-0: Ball 3-0: Called Strike 3-1: Ground out 5-3 (Groundball, 56S, EV 89.4 MPH)
|
|
Pinch Hitting: LHB Jesus Lozano
|
0-0: Called Strike 0-1: Swinging Strike 0-2: Ball 1-2: Strikes out swinging
|
|
Pinch Hitting: RHB Christian Blue
|
0-0: Called Strike 0-1: Ball 1-1: Called Strike 1-2: Strikes out swinging
|
| Top of the 7th over - 0 runs, 0 hits, 0 errors, 0 left on base; Cleveland 2 - Minnesota 2 |
| BOTTOM OF THE 7TH |
|
Minnesota Twins batting - Pitching for Cleveland Guardians : RHP En-guo Tsu
|
|
Pitching: RHP Joe Zeiset
|
|
|
Now at 2B: Jesus Lozano
|
|
|
Now at 3B: Christian Blue
|
|
|
Now in CF: George Wagner
|
|
|
Batting: RHB John Creel
|
0-0: Ball 1-0: Swinging Strike 1-1: Foul Ball, location: 2F 1-2: Ball 2-2: Strikes out swinging
|
|
Pitching: RHP Ben Sheets
|
|
|
Batting: LHB Per Meulengracht
|
0-0: Called Strike 0-1: Foul Ball, location: 2F 0-2: DOUBLE (Line Drive, 78D, EV 113.8 MPH)
|
|
Batting: LHB Ricardo Batista
|
0-0: Ball 1-0: Ball 2-0: Fly out, F9 (Flyball, 9, EV 77.5 MPH)
|
|
Batting: LHB Ryan Flynn Jr.
|
0-0: Ground out U3 (Groundball, 34, EV 109.4 MPH)
|
| Bottom of the 7th over - 0 runs, 1 hit, 0 errors, 1 left on base; Cleveland 2 - Minnesota 2 |
| TOP OF THE 8TH |
|
Cleveland Guardians batting - Pitching for Minnesota Twins : LHP Jim Storer
|
|
Pitching: RHP Mike Moon
|
|
|
Batting: RHB Joeri Plas
|
0-0: Called Strike 0-1: Ball 1-1: Called Strike 1-2: Ball 2-2: Strikes out swinging
|
|
Pitching: LHP Inkei Wakamatsu
|
|
|
Batting: LHB Corey Trevor
|
0-0: Ground out 6-3 (Groundball, 6, EV 93.8 MPH)
|
|
Batting: RHB Aaron Matthews
|
0-0: Ball 1-0: Ground out 4-3 (Groundball, 4, EV 107.5 MPH)
|
| Top of the 8th over - 0 runs, 0 hits, 0 errors, 0 left on base; Cleveland 2 - Minnesota 2 |
| BOTTOM OF THE 8TH |
|
Minnesota Twins batting - Pitching for Cleveland Guardians : RHP Ben Sheets
|
|
Pinch Hitting: RHB Matt Dunn
|
0-0: Called Strike 0-1: Ball 1-1: Foul Ball, location: 2F 1-2: Strikes out swinging
|
|
Batting: RHB Alex Sandoval
|
0-0: Called Strike 0-1: Ball 1-1: Ball 2-1: Ball 3-1: Ground out 6-3 (Groundball, 6, EV 95.0 MPH)
|
|
Batting: LHB Harris Vink
|
0-0: Called Strike 0-1: Foul Ball, location: 2F 0-2: Ball 1-2: Ball 2-2: Foul Ball, location: 2F 2-2: Ball 3-2: Base on Balls
|
|
Batting: RHB Alex Rodriguez Jr.
|
0-0: Foul Ball, location: 2F 0-1: Ball 1-1: Foul Ball, location: 2F 1-2: Ball 2-2: Ball 3-2: SINGLE (Line Drive, 7LM, EV 106.9 MPH) Harris Vink to second Harris Vink to third
|
|
Pitching: RHP Ryan Southerland
|
|
|
Batting: LHB Chaim Huting
|
0-0: Ball 1-0: Ball 2-0: Ground out 4-3 (Groundball, 34, EV 106.9 MPH)
|
| Bottom of the 8th over - 0 runs, 1 hit, 0 errors, 2 left on base; Cleveland 2 - Minnesota 2 |
| TOP OF THE 9TH |
|
Cleveland Guardians batting - Pitching for Minnesota Twins : LHP Inkei Wakamatsu
|
|
Now at 2B: Matt Dunn
|
|
|
Batting: RHB David Casas
|
0-0: Ball 1-0: Called Strike 1-1: Ball 2-1: Swinging Strike 2-2: Ball 3-2: Foul Ball, location: 2F 3-2: Foul Ball, location: 2F 3-2: Base on Balls
|
|
Batting: LHB John Harring
|
0-0: Ball 1-0: Called Strike 1-1: Called Strike 1-2: Foul Ball, location: 2F 1-2: Strikes out swinging
|
|
Pinch Hitting: RHB Danny Anderson
|
0-0: Called Strike 0-1: Foul Ball, location: 2F 0-2: Ball 1-2: Strikes out looking
|
|
Batting: RHB George Wagner
|
0-0: Ball Wild Pitch! David Casas to second 1-0: Foul Ball, location: 2F 1-1: Called Strike 1-2: Ball 2-2: Foul Ball, location: 2F 2-2: Ball 3-2: Strikes out swinging
|
| Top of the 9th over - 0 runs, 0 hits, 0 errors, 1 left on base; Cleveland 2 - Minnesota 2 |
| BOTTOM OF THE 9TH |
|
Minnesota Twins batting - Pitching for Cleveland Guardians : RHP Ryan Southerland
|
|
Now at 1B: Danny Dunham
|
|
|
Batting: RHB John Creel
|
0-0: Ball 1-0: Ground out 6-3 (Groundball, 6D, EV 92.5 MPH)
|
|
Batting: LHB Per Meulengracht
|
0-0: Foul Ball, location: 2F 0-1: Foul Ball, location: 2F 0-2: Foul Ball, location: 2F 0-2: SINGLE (Groundball, 6MD, EV 98.1 MPH)
|
|
Batting: LHB Ricardo Batista
|
0-0: Called Strike 0-1: Ball 1-1: Ball 2-1: Fly out, F9 (Flyball, 89M, EV 87.5 MPH)
|
|
Batting: LHB Ryan Flynn Jr.
|
0-0: Ball 1-0: Called Strike 1-1: Called Strike 1-2: Ball 2-2: Ball 3-2: Foul Ball, location: 2F 3-2: Ground out 4-3 (Groundball, 4S, EV 69.4 MPH)
|
| Bottom of the 9th over - 0 runs, 1 hit, 0 errors, 1 left on base; Cleveland 2 - Minnesota 2 |
| TOP OF THE 10TH |
|
Cleveland Guardians batting - Pitching for Minnesota Twins : LHP Inkei Wakamatsu
|
|
Pitching: LHP Luis Perez
|
|
|
Pinch Hitting: RHB Josh Hoeye
|
0-0: Ball 1-0: Ball 2-0: Called Strike 2-1: Ground out 6-3 (Groundball, 6, EV 90.0 MPH)
|
|
Pitching: RHP Andrew Kindig
|
|
|
Batting: RHB Christian Blue
|
0-0: Foul Ball, location: 2F 0-1: Ball 1-1: Ground out U3 (Groundball, 34S, EV 84.4 MPH)
|
|
Batting: RHB Joeri Plas
|
0-0: Ball 1-0: Ball 2-0: Swinging Strike 2-1: Foul Ball, location: 2F 2-2: Foul Ball, location: 2F 2-2: Strikes out looking
|
| Top of the 10th over - 0 runs, 0 hits, 0 errors, 0 left on base; Cleveland 2 - Minnesota 2 |
| BOTTOM OF THE 10TH |
|
Minnesota Twins batting - Pitching for Cleveland Guardians : RHP Ryan Southerland
|
|
Pitching: RHP Chris DeVall
|
|
|
Now at 2B: Ferdi Schipper
|
|
|
Batting: RHB Matt Dunn
|
0-0: Called Strike 0-1: Called Strike 0-2: Strikes out looking
|
|
Batting: RHB Alex Sandoval
|
0-0: Ball 1-0: Ball 2-0: Foul Ball, location: 2F 2-1: Ball 3-1: Base on Balls
|
|
Batting: LHB Harris Vink
|
0-0: Ball 1-0: Called Strike 1-1: Ball 2-1: Foul Ball, location: 2F 2-2: Grounds into double play, 4-6-3 (Groundball, 34, EV 88.8 MPH)
|
| Bottom of the 10th over - 0 runs, 0 hits, 0 errors, 0 left on base; Cleveland 2 - Minnesota 2 |
| TOP OF THE 11TH |
|
Cleveland Guardians batting - Pitching for Minnesota Twins : RHP Andrew Kindig
|
|
Batting: LHB Corey Trevor
|
0-0: SINGLE (Line Drive, 6M, EV 98.1 MPH)
|
|
Batting: RHB Aaron Matthews
|
0-0: Called Strike Corey Trevor steals 2nd base 0-1: SINGLE (Groundball, 56D, EV 101.2 MPH) Corey Trevor to third
|
|
Batting: RHB Nick Sharp
|
0-0: DOUBLE (Line Drive, 7LM, EV 110.6 MPH) Corey Trevor scores Aaron Matthews to third
|
|
Batting: LHB John Harring
|
0-0: SINGLE (Groundball, 34, EV 95.0 MPH) Aaron Matthews scores Nick Sharp to third
|
|
Batting: LHB Danny Dunham
|
0-0: Ball 1-0: Called Strike 1-1: Ball 2-1: Fly out, F7 (Flyball, 7D, EV 81.9 MPH) Runner from 3rd tags up, SCORES, no throw by LF
|
|
Batting: RHB George Wagner
|
0-0: Ball 1-0: Ball John Harring steals 2nd, throwing error, E2 John Harring to third 2-0: Ground out 4-3 (Groundball, 4M, EV 108.1 MPH) John Harring scores
|
|
Batting: RHB Ferdi Schipper
|
0-0: Ball 1-0: SINGLE (Groundball, 4MD, EV 95.6 MPH)
|
|
Pitching: RHP Kevin Cushman
|
|
|
Batting: RHB Christian Blue
|
0-0: Ball 1-0: Called Strike 1-1: Foul Ball, location: 2F 1-2: Ball 2-2: Ground out 4-3 (Groundball, 4S, EV 91.2 MPH)
|
| Top of the 11th over - 4 runs, 5 hits, 1 error, 1 left on base; Cleveland 6 - Minnesota 2 |
| BOTTOM OF THE 11TH |
|
Minnesota Twins batting - Pitching for Cleveland Guardians : RHP Chris DeVall
|
|
Pitching: RHP Paul Lewis
|
|
|
Batting: RHB Alex Rodriguez Jr.
|
0-0: Ball 1-0: Foul Ball, location: 2F 1-1: Ball 2-1: Ball 3-1: Hit by Pitch
|
|
Batting: LHB Chaim Huting
|
0-0: Foul Ball, location: 2F 0-1: Ball 1-1: Ball 2-1: Ball 3-1: Base on Balls Alex Rodriguez Jr. to second
|
|
Batting: RHB John Creel
|
0-0: Called Strike 0-1: Ball 1-1: Ball 2-1: Swinging Strike 2-2: Strikes out swinging
|
|
Batting: LHB Per Meulengracht
|
0-0: Ball 1-0: Ball 2-0: Called Strike 2-1: Ball 3-1: Base on Balls Alex Rodriguez Jr. to third Chaim Huting to second
|
|
Batting: LHB Ricardo Batista
|
0-0: Foul Ball, location: 2F 0-1: SINGLE (Line Drive, 8LS, EV 91.2 MPH) Alex Rodriguez Jr. scores Chaim Huting to third Per Meulengracht to second
|
|
Batting: LHB Ryan Flynn Jr.
|
0-0: Ball 1-0: Ball 2-0: Ball 3-0: Called Strike 3-1: Swinging Strike 3-2: Base on Balls Chaim Huting scores Per Meulengracht to third Ricardo Batista to second
|
|
Batting: RHB Matt Dunn
|
0-0: Foul Ball, location: 2F 0-1: Grounds into double play, 4-6-3 (Groundball, 4, EV 88.8 MPH)
|
| Bottom of the 11th over - 2 runs, 1 hit, 0 errors, 2 left on base; Cleveland 6 - Minnesota 4 |
|